 Dungeon Crawl Stone Soup version 0.29.0-13-gc9e81de378 (webtiles) character file.

Game seed: 6885999406803021372

67 Persephone the Chopper (level 4, -2/40 HPs)
             Began as a Hill Orc Fighter on Sept 7, 2022.
             Slain by Ijyb
             ... wielding a +0 dagger
              (5 damage)
             ... on level 3 of the Dungeon.
             The game lasted 00:04:21 (1773 turns).

Persephone the Chopper (Hill Orc Fighter)           Turns: 1773, Time: 00:04:22

Health: -2/40      AC:  0    Str: 20    XL:     4   Next: 18%
Magic:  4/4        EV: 17    Int:  8    God:
Gold:   102        SH:  0    Dex: 15    Spells: 3/3 levels left

rFire   . . .      SeeInvis .   (weapon currently unavailable)
rCold   . . .      Faith    .   (shield currently unavailable)
rNeg    . . .      Spirit   .   (body armour currently unavailable)
rPois   .          Reflect  .   (helmet currently unavailable)
rElec   .          Harm     .   (cloak currently unavailable)
rCorr   .          Rampage  .   (gloves currently unavailable)
Will    .....                   (boots currently unavailable)
Stlth   +.........              (no amulet)
HPRegen 0.13/turn               (ring currently unavailable)
MPRegen 0.09/turn               (ring currently unavailable)

@: mighty, bat-form, flying, very quick
A: fast, flying, no casting, tiny
a: no special abilities


You were on level 3 of the Dungeon.
You were a bat.
You visited 1 branch of the dungeon, and saw 3 of its levels.

You collected 102 gold pieces.

Inventory:

Hand Weapons
 a - a +0 war axe (melded)
Armour
 b - a +0 helmet (melded)
 c - a +0 buckler (melded)
 k - a +0 pair of boots (melded)
 m - a +0 pair of gloves (melded)
 s - a +0 plate armour (melded)
Scrolls
 i - a scroll of amnesia {unknown}
 l - a scroll of noise {unknown}
 q - a scroll of identify {unknown}
 r - a scroll of enchant weapon {unknown}
Potions
 d - a potion of might
 e - a potion of attraction {unknown}
 f - a potion of lignification {unknown}
 g - a potion of haste {unknown}
 h - a potion of berserk rage {unknown}
 j - a potion of cancellation {unknown}
 n - 2 potions of heal wounds {unknown}
 o - a potion of degeneration {unknown}
 p - a potion of magic {unknown}


   Skills:
 - Level 3.7 Fighting
 + Level 5.6 Axes
 - Level 3.3 Armour
 - Level 3.3 Shields


You had 3 spell levels left.
You didn't know any spells.
Your spell library contained the following spells:

 Spells                   Type           Power      Damage    Failure   Level
 Ozocubu's Armour         Ice            0%         N/A       78%         3
 Ozocubu's Refrigeration  Ice            0%         4d7       100%        7


Dungeon Overview and Level Annotations

Branches:
Dungeon (3/15)

Altars:
Yredelemnul

Annotations:
D:3 Ijyb


Message History

Ijyb hits you with a +0 dagger.
You hit Ijyb but do no damage.
Ijyb is lightly wounded.
Ijyb hits you with a +0 dagger.
You are too injured to fight recklessly!
You are too injured to fight recklessly!
You are too injured to fight recklessly!
You are too injured to fight recklessly!
You are too injured to fight recklessly!
You hit Ijyb.
Ijyb is moderately wounded.
Ijyb barely misses you.
You hit Ijyb but do no damage.
Ijyb is moderately wounded.
Ijyb misses you.
You hit Ijyb but do no damage.
Ijyb is moderately wounded.
Ijyb hits you with a +0 dagger.
You hit Ijyb but do no damage.
Ijyb is moderately wounded.
Ijyb hits you with a +0 dagger.
You hit Ijyb but do no damage.
Ijyb is moderately wounded.
You hit Ijyb but do no damage.
Ijyb is moderately wounded.
Ijyb hits you with a +0 dagger!
* * * LOW HITPOINT WARNING * * *
You feel very mighty all of a sudden. Ijyb closely misses you.
You hit Ijyb but do no damage.
Ijyb is moderately wounded.
Ijyb closely misses you.
You hit Ijyb but do no damage.
Ijyb is moderately wounded.
Ijyb hits you with a +0 dagger.
* * * LOW HITPOINT WARNING * * *
You hit Ijyb.
Ijyb is heavily wounded.
Ijyb hits you with a +0 dagger.
You die...

..........##
?.......#..
...........#
...........##
............#
............####
........g.......
........b...#
.......)....#
............#
............#
............#
.......?....#
............#
............#
............#


You could see Ijyb.

Vanquished Creatures
  2 adders (D:2)
  A worm (D:2)
  2 dart slugs (D:2)
  4 ball pythons (D:2)
  3 endoplasms
  2 giant cockroaches
  6 goblins
  5 hobgoblins
  2 jackals (D:1)
  4 kobolds
  A quokka (D:3)
  2 bats
  3 frilled lizards
  4 rats
41 creatures vanquished.

Notes
Turn   | Place    | Note
-------+----------+-------------------------------------------
     0 | D:1      | Persephone the Hill Orc Fighter began the quest for the
                  | Orb.
     0 | D:1      | Reached XP level 1. HP: 19/19 MP: 1/1
    51 | D:1      | Found a faded altar of an unknown god.
    71 | D:1      | Reached skill level 3 in Axes
   104 | D:1      | Reached XP level 2. HP: 27/27 MP: 2/2
   823 | D:2      | Reached skill level 4 in Axes
   902 | D:2      | Reached XP level 3. HP: 31/33 MP: 3/3
  1136 | D:2      | Reached skill level 5 in Axes
  1303 | D:2      | Reached XP level 4. HP: 40/40 MP: 4/4
  1551 | D:3      | Found a basalt altar of Yredelemnul.
  1749 | D:3      | Noticed Ijyb
  1773 | D:3      | Slain by Ijyb

Illustrated notes

Levels and vault maps discovered:
D:1:      evilmike_arrival_home_sweet_home, layout_basic,
          hellmonk_ecumenical_altar_slurped_away, kennysheep_pointless_box,
          minmay_crystal_room
D:2:      layout_loops_cross
D:3:      minmay_inner_zag, layout_basic, lemuel_tele_altar, uniq_ijyb

Skill      XL: |  1  2  3 |
---------------+----------+-----
Axes           | 3 4 5 |  5.6
Fighting       | |  3.7
Armour         | |  3.3
Shields        | |  3.3

Action                   |  1- 3 |  4- 6 || total
-------------------------+-------+-------++-------
Melee: War axe           |    89 |    19 ||   108
       Unarmed           |       |    19 ||    19
  Use: Potion            |       |     1 ||     1
Armor: Scale mail        |    43 |     6 ||    49
       Plate armour      |       |     3 ||     3
Dodge: Dodged            |    47 |    14 ||    61
Block: Buckler           |    18 |     4 ||    22
